 Dungeon Crawl Stone Soup version 0.29.0-13-gc9e81de378 (webtiles) character file.

Game seed: 14129443532282833867

48 Arum the Ducker (level 4, -3/34 HPs)
             Began as a Djinni Gladiator on Sept 9, 2022.
             Killed from afar by Ijyb (22 damage)
             ... with a bolt of acid
             ... on level 3 of the Dungeon.
             The game lasted 00:01:46 (1611 turns).

Arum the Ducker (Djinni Gladiator)                  Turns: 1611, Time: 00:01:47

Health: -3/34      AC:  2    Str: 13    XL:     4   Next: 0%
Gold:   139        EV: 12    Int:  9    God:
                   SH:  0    Dex: 17

rFire   + + .      SeeInvis .   a - +0 long sword
rCold   x . .      Faith    .   (no shield)
rNeg    . . .      Spirit   .   l - +0 ring mail
rPois   ∞          Reflect  .   c - +0 helmet
rElec   .          Harm     .   (no cloak)
rCorr   .          Rampage  .   (no gloves)
Will    .....                   (boots unavailable)
Stlth   +.........              (no amulet)
HPRegen 0.11/turn               (no ring)
MPRegen 0.00/turn               (no ring)

@: corroded, flying
A: sickness immunity, fire resistance 2, cold vulnerability 1, float, innate
caster, HP casting, extra vitality 1
a: no special abilities


You were on level 3 of the Dungeon.
You visited 1 branch of the dungeon, and saw 3 of its levels.

You collected 139 gold pieces.

Inventory:

Hand Weapons
 a - a +0 long sword (weapon)
Missiles
 d - 3 throwing nets (quivered)
 e - a javelin
Armour
 c - a +0 helmet (worn)
 l - a +0 ring mail (worn)
Scrolls
 h - a scroll of noise {unknown}
 i - a scroll of brand weapon {unknown}
 k - a scroll of poison {unknown}
 m - 3 scrolls of identify {unknown}
 o - a scroll of enchant weapon {unknown}
Potions
 b - a potion of might {unknown}
 f - a potion of degeneration {unknown}
 g - a potion of haste {unknown}
 j - a potion of curing {unknown}
 n - a potion of cancellation {unknown}
 p - a potion of heal wounds {unknown}


   Skills:
 + Level 2.7 Fighting
 + Level 3.2 Long Blades
 - Level 1.5 Throwing
 + Level 3.9 Dodging


You had 2 spell levels left.
You knew the following spells:

 Your Spells              Type           Power      Damage    Failure   Level
a - Sting                 Tmut/Pois      0%         1d3       65%         1
Your spell library was empty.

Dungeon Overview and Level Annotations

Branches:
Dungeon (3/15)

Altars:

Shops:
D:1 (

Annotations:
D:3 Ijyb


Innate Abilities, Weirdness & Mutations

You are immune to sickness and miasma.
You are immune to poison.
Your flesh is very heat resistant. (rF++)
You are vulnerable to cold. (rC-)
You float through the air rather than walking.
You learn spells naturally, not from books.
Your magical power is your life essence.
You have superior vitality. (+4 MHP)


Message History

There is a stone staircase leading down here.
You fly downwards.
There is a stone staircase leading up here.
An adder comes into view.
The adder hisses angrily.
An adder is nearby!
An adder is nearby!
You miss the adder. The adder bites you but does no damage.
The adder misses you.
You hit the adder.
The adder is moderately wounded.
The adder bites you but does no damage.
You slash the adder!
You kill the adder!
You have reached level 4!
You feel agile.
The kobold shouts!
The kobold shouts!
You hear a shout!
The kobold brigand shouts! x2; The kobold shouts!
You hear a shout!
Ijyb the Twisted Goblin comes into view.
She is wielding a +0 dagger, wearing a +2 ring mail of cold resistance and carrying a wand of acid (14).
Ijyb shouts!
Ijyb is nearby!
Ijyb is nearby!
Ijyb zaps a wand.
The bolt of acid misses you. Ijyb hits you with a +0 dagger.
You barely miss Ijyb.
Ijyb zaps a wand.
The bolt of acid hits you! The acid corrodes you!
You hit Ijyb but do no damage. Ijyb barely misses you.
You completely miss Ijyb. Ijyb barely misses you. Ijyb closely misses you.
You hit Ijyb.
Ijyb is lightly wounded.
Ijyb misses you.
You hit Ijyb.
Ijyb is lightly wounded.
Ijyb hits you with a +0 dagger.
You barely miss Ijyb.
Ijyb is lightly wounded.
Ijyb zaps a wand.
The bolt of acid hits you!!
Ouch! That really hurt!
You die...

#KK##≈≈~.......###
## #~~~.......#
#~~#.#######
#~##.# #~##.#####
####.....#
#...##.#
#...##.######.#.#
#...##...@g.....#
##.##########.###
... #..# #..#


You could see Ijyb.

Vanquished Creatures
  2 adders
  2 dart slugs (D:2)
  An endoplasm (D:1)
  2 giant cockroaches (D:1)
  3 quokkas
  3 ball pythons
  5 kobolds
  12 rats
30 creatures vanquished.

Notes
Turn   | Place    | Note
-------+----------+-------------------------------------------
     0 | D:1      | Arum the Djinni Gladiator began the quest for the Orb.
     0 | D:1      | Reached XP level 1. HP: 18/18 MP: 0/0
    64 | D:1      | Found Baatzin's Antique Weapon Shoppe.
   146 | D:1      | Reached XP level 2. HP: 20/23 MP: 0/0
   395 | D:1      | You are sucked into a shaft and drop 1 floor!
   491 | D:2      | Reached XP level 3. HP: 14/29 MP: 0/0
   491 | D:2      | Learned a level 1 spell: Sting
  1576 | D:3      | Reached XP level 4. HP: 34/34 MP: 0/0
  1588 | D:3      | Noticed a kobold brigand
  1588 | D:3      | Noticed a kobold brigand
  1602 | D:3      | Noticed Ijyb
  1611 | D:3      | Killed from afar by Ijyb

Illustrated notes

Levels and vault maps discovered:
D:1:      nicolae_arrival_memento_mori, layout_basic, serial_shops,
          nicolae_diamond_shop, minmay_tetromino_i4
D:2:      layout_basic, chequers_serial_rivers_micro_b,
          small_statue_intersection, minmay_rat_gold_closets
D:3:      cheibrodos_thug_alley, layout_loops_cross,
          shapermc_ecumenical_altar_acropolis, guppyfry_early_lair_pool,
          uniq_ijyb

Skill      XL: |  1  2 |
---------------+-------+-----
Long Blades    | 3 |  3.2
Fighting       | |  2.7
Throwing       | |  1.5
Dodging        | |  3.9

Action                   |  1- 3 |  4- 6 || total
-------------------------+-------+-------++-------
Melee: Long sword        |    91 |     6 ||    97
       Punch             |     1 |       ||     1
 Stab: Sleeping          |     2 |       ||     2
Armor: Leather armour    |    16 |       ||    16
       Ring mail         |    14 |       ||    14
Dodge: Dodged            |    55 |     5 ||    60
